 Dungeon Crawl Stone Soup version 0.30.1-11-g7821555f0a (webtiles) character file.

Game seed: 10018948406141002386

297 KittyFluff the Cudgeller (level 6, -6/38 HPs)
             Began as a Gargoyle Berserker on Nov 1, 2023.
             Was a Priest of Trog.
             Mangled by an ogre
             ... wielding a +0 giant club
              (21 damage)
             ... on level 4 of the Dungeon.
             The game lasted 00:11:00 (3116 turns).

KittyFluff the Cudgeller (Gargoyle Berserker)       Turns: 3116, Time: 00:11:01

Health: -6/38      AC:  9    Str: 23    XL:     6   Next: 35%
Magic:  6/6        EV: 12    Int:  7    God:    Trog [***...]
Gold:   201        SH:  0    Dex:  9    Spells: 5/5 levels left

rFire   + . .        a - +0 mace
rCold   + . .        (no shield)
rNeg    + . .        j - +0 leather armour
rPois   ∞            n - +0 helmet
rElec   +            p - scarf {rC+ rF+}
rCorr   .            (no gloves)
SInv    .            (no boots)
Will    .....        (no amulet)
Stlth   +            (no ring)
HPRegen 0.26/turn    (no ring)
MPRegen 0.10/turn

%: no passive effects
@: no status effects
A: sickness immunity, AC +4, negative energy resistance 1, electricity
resistance, torment resistance 1, petrification resistance
a: Renounce Religion, Berserk, Trog's Hand


You were on level 4 of the Dungeon.
You worshipped Trog.
Trog was most pleased with you.
You visited 1 branch of the dungeon, and saw 4 of its levels.

You collected 201 gold pieces.

Inventory:

Hand Weapons
 a - a +0 mace (weapon)
 w - a +0 club
Missiles
 d - a throwing net (quivered)
 l - 19 poisoned darts
Armour
 j - a +0 leather armour (worn)
 n - a +0 helmet (worn)
 p - a scarf of resistance (worn)
Jewellery
 u - an amulet of faith
Scrolls
 c - 2 scrolls of poison {unknown}
 e - 6 scrolls of identify {unknown}
 f - a scroll of blinking {unknown}
 g - a scroll of magic mapping {unknown}
 h - 2 scrolls of teleportation {unknown}
 i - a scroll of vulnerability {unknown}
 r - a scroll of torment {unknown}
Potions
 b - a potion of resistance {unknown}
 k - a potion of cancellation {unknown}
 m - a potion of magic {unknown}
 o - 2 potions of heal wounds {unknown}
 q - a potion of flight {unknown}
 s - a potion of mutation {unknown}
 t - 2 potions of curing {unknown}
 v - 2 potions of might {unknown}
 x - 2 potions of attraction {unknown}
 z - a potion of degeneration {unknown}


   Skills:
 + Level 4.2 Fighting
 * Level 4.6 Maces & Flails
 * Level 4.4 Armour
 + Level 2.6 Dodging


You had 5 spell levels left.
You didn't know any spells.
Your spell library was empty.

Dungeon Overview and Level Annotations

Branches:
Dungeon (4/15)             Temple (0/1) D:4

Altars:
Hepliaklqana
Qazlal
The Shining One

Shops:
D:2 *


Innate Abilities, Weirdness & Mutations

You are immune to sickness and miasma.
Your stone body is resilient. (AC +4)
You are immune to poison.
You resist negative energy. (rN+)
You are resistant to electric shocks. (rElec)
You are resistant to unholy torment.
You are immune to petrification.


Message History

You sock the hobgoblin!
You kill the hobgoblin!
Trog accepts your kill.
t - 2 sedimented emerald potions (gained 1)
You now have 201 gold pieces (gained 27).
Things that are here:
a +0 whip; 3 stones; a kobold corpse
Found a book of Air.
There is an open door here.
Found a stone staircase leading down.
There is an open door here.
There is a stone staircase leading down here.
There is an open door here.
An ogre comes into view. It is wielding a +0 giant club.
Found 5 gold pieces.
The ogre shouts!
The ogre closely misses you.
You hit the ogre.
The ogre is lightly wounded.
The ogre hits you with a +0 giant club.
You hit the ogre.
The ogre is moderately wounded.
The ogre closely misses you.
You sock the ogre!
The ogre is heavily wounded.
You hit the ogre.
The ogre is severely wounded.
The ogre hits you with a +0 giant club!!
Ouch! That really hurt!
You hit the ogre.
The ogre is almost dead.
The ogre barely misses you.
You barely miss the ogre.
The ogre is severely wounded.
The ogre misses you.
You closely miss the ogre.
The ogre is severely wounded.
The ogre hits you with a +0 giant club!!
Ouch! That really hurt!
You die...

###.....###.#
...........>#
#####.#####'##
#.##.....##########
#.................#
..................#
###.............$.#
#...............#
#.#'#'#...@.....#
#.#.#'#..O......# #
#.............#
.......#######
#.......# #.#.#####
#.#. #


You could see an ogre.

Vanquished Creatures
  A black bear (D:4)
  A hound (D:4)
  4 gnolls (D:4)
  4 adders
  An adder zombie (D:2)
  An adder skeleton (D:2)
  A dart slug (D:3)
  6 orcs
  5 ball pythons
  7 endoplasms
  5 giant cockroaches
  6 goblins
  15 hobgoblins
  4 jackals (D:2)
  10 kobolds
  2 quokkas
  A ball python skeleton (D:2)
  5 bats
  2 frilled lizards
  A giant cockroach zombie (D:2)
  5 rats
87 creatures vanquished.

Notes
Turn   | Place    | Note
-------+----------+-------------------------------------------
     0 | D:1      | KittyFluff the Gargoyle Berserker began the quest for the
                  | Orb.
     0 | D:1      | Reached XP level 1. HP: 14/14 MP: 1/1
   201 | D:1      | Reached XP level 2. HP: 12/19 MP: 2/2
   439 | D:1      | Reached XP level 3. HP: 17/23 MP: 3/3
   822 | D:1      | Reached ** piety under Trog
  1255 | D:2      | Reached XP level 4. HP: 28/29 MP: 4/4
  1367 | D:2      | Found Qytisiu's Assorted Antiques.
  1898 | D:3      | Reached *** piety under Trog
  2108 | D:3      | Found a stormy altar of Qazlal.
  2124 | D:3      | Reached XP level 5. HP: 33/33 MP: 5/5
  2379 | D:4      | Found a hazy altar of Hepliaklqana.
  2566 | D:4      | Found a glowing golden altar of the Shining One.
  2576 | D:4      | Noticed a black bear
  2596 | D:4      | Killed a black bear
  2597 | D:4      | Reached XP level 6. HP: 4/38 MP: 6/6
  2782 | D:4      | Found a staircase to the Ecumenical Temple.
  3116 | D:4      | Mangled by an ogre

Illustrated notes

Levels and vault maps discovered:
D:1:      dpeg_arrival_rhombi, layout_basic, hangedman_glass_teeth,
          minmay_ruptured
D:2:      layout_basic, serial_undead, serial_undead_a, serial_undead_d,
          serial_undead_c, serial_undead_e, serial_shops, shop,
          minmay_misc_feat_chi
D:3:      layout_loops_ring, overflow_temple_1_default, minmay_misc_feat_plants,
          minivault_26, roderic_serpentine_path, hangedman_decor_points,
          grunt_decor_resistance
D:4:      layout_basic, grunt_temple_overflow_open,
          minmay_temple_entry_nine_rooms, nicolae_goblin_pals, uniq_ijyb

Skill      XL: |  1  2  3  4  5 |
---------------+----------------+-----
Armour         | 3 4 |  4.4
Dodging        | 2 |  2.6
Maces & Flails | 4 |  4.6
Fighting       | 4 |  4.2

Action                     |  1- 3 |  4- 6 || total
---------------------------+-------+-------++-------
  Melee: Mace              |   108 |   174 ||   282
         Punch             |       |     3 ||     3
 Invoke: Berserk           |       |     1 ||     1
 Armour: Animal skin       |    23 |       ||    23
         Leather armour    |    12 |   106 ||   118
  Dodge: Dodged            |    71 |   131 ||   202
